 Dungeon Crawl Stone Soup version 0.31-a0-40-g1d5085d191 (webtiles) character file.

Game seed: 423867700836056690

36880 frimble the Blocker (level 13, -3/103 HPs)
             Began as a Gnoll Reaver on May 17, 2023.
             Was a High Priest of Cheibriados.
             Slain by a wyvern (4 damage)
             ... while petrified by a basilisk
             ... on level 14 of the Dungeon.
             The game lasted 00:21:27 (13939 turns).

frimble the Blocker (Gnoll Reaver)                 Turns: 13939, Time: 00:21:27

Health: -3/103     AC: 17    Str: 25    XL:     13   Next: 93%
Magic:  23/36      EV:  2    Int: 29    God:    Cheibriados [*****.]
Gold:   1121       SH:  0    Dex: 29    Spells: 21/32 levels left

rFire   + . .        P - +4 scimitar (flame)
rCold   + . .        a - +1 kite shield {rC+ rF+}
rNeg    + + +        R - +1 troll leather armour
rPois   ∞            h - +0 helmet
rElec   .            (no cloak)
rCorr   .            f - +2 pair of gloves of Honour {rPois MP+9 Dex+4 Stlth+}
SInv    .            C - +1 pair of boots
Will    .....        s - amulet of magic regeneration
Stlth   ++++++       c - +4 ring of protection
HPRegen 1.17/turn    r - +4 ring of slaying
MPRegen 0.65/turn

%: no passive effects
@: petrified, studying Shields, very slow
A: fangs 1, strong nose, distributed training
a: Renounce Religion, Bend Time, Temporal Distortion, Slouch, Step From Time


You were on level 14 of the Dungeon.
You worshipped Cheibriados.
Cheibriados was extremely pleased with you.
You visited 2 branches of the dungeon, and saw 15 of its levels.
You also visited: Ossuary and Bailey.

You collected 1367 gold pieces.
You spent 246 gold pieces at shops.

Inventory:

Hand Weapons
 v - the +4 bardiche "Feox" {spect, +Blink Int+2}
   (You found it in a bailey)

   Int:       It affects your intelligence (+2).
   +Blink:    It lets you blink.
 O - a +0 quick blade
 P - a +4 scimitar of flaming (weapon)
Missiles
 e - 4 throwing nets
 o - 24 poisoned darts
Armour
 a - a +1 kite shield of resistance (worn)
 f - the +2 pair of gloves of Honour (worn) {rPois MP+9 Dex+4 Stlth+}
   (You acquired it in a bailey)

   Dex:       It affects your dexterity (+4).
   rPois:     It protects you from poison.
   MP:        It affects your magic capacity (+9).
   Stlth:     It makes you more stealthy.
 h - a +0 helmet (worn)
 C - a +1 pair of boots (worn)
 R - a +1 troll leather armour (worn)
Jewellery
 c - a +4 ring of protection (left hand)
 k - a ring of protection from cold
 r - a +4 ring of slaying (right hand)
 s - an amulet of magic regeneration (around neck)
 t - a ring of fire
 F - a ring of willpower
Wands
 l - a wand of flame (15)
 K - a wand of roots (8)
 L - a wand of quicksilver (8)
 N - a wand of mindburst (5)
Scrolls
 d - 6 scrolls of teleportation
 m - a scroll of amnesia
 q - 5 scrolls of poison
 y - a scroll of fear
 E - a scroll of silence
 G - 4 scrolls of magic mapping
 H - 3 scrolls of blinking
 I - 4 scrolls of immolation
Potions
 g - 5 potions of might
 i - 12 potions of curing
 j - 4 potions of ambrosia
 n - 2 potions of mutation
 p - a potion of flight
 u - a potion of magic
 w - a potion of berserk rage
 x - 5 potions of brilliance
 z - a potion of resistance
 A - 4 potions of cancellation
 B - 5 potions of attraction
 D - 2 potions of lignification
 M - 2 potions of heal wounds {unknown}
Miscellaneous
 J - a phial of floods


   Skills:
 + Level 10.2 Fighting
 + Level 9.0 Short Blades
 + Level 11.1 Long Blades
 + Level 9.0 Axes
 + Level 9.0 Maces & Flails
 + Level 9.0 Polearms
 + Level 9.0 Staves
 + Level 9.0 Ranged Weapons
 + Level 9.0 Throwing
 + Level 9.0 Armour
 + Level 10.2 Dodging
 + Level 9.0 Stealth
 + Level 11.5 Shields
 + Level 9.0 Unarmed Combat
 + Level 10.4 Spellcasting
 + Level 9.4 Conjurations
 + Level 7.5 Hexes
 + Level 7.5 Summonings
 + Level 7.5 Necromancy
 + Level 7.5 Translocations
 + Level 7.5 Transmutations
 + Level 7.5 Fire Magic
 + Level 7.5 Ice Magic
 + Level 7.5 Air Magic
 + Level 7.5 Earth Magic
 + Level 7.5 Poison Magic
 + Level 9.9 Invocations
 + Level 9.0 Evocations


You had 21 spell levels left.
You knew the following spells:

 Your Spells              Type           Power      Damage    Failure   Level
a - Kiss of Death         Conj/Necr      100%       2d13      1%          1
b - Frozen Ramparts       Ice            100%       1d16      1%          3
c - Hailstorm             Conj/Ice       59%        3d13      1%          3
d - Summon Lightning Spi  Summ/Air       56%        N/A       3%          4

Your spell library contained the following spells:

 Spells                   Type           Power      Damage    Failure   Level
 Freeze                   Ice            100%       1d10      1%          1
 Lesser Beckoning         Tloc           100%       N/A       1%          2
 Momentum Strike          Conj/Tloc      100%       3d10      1%          2
 Call Canine Familiar     Summ           56%        N/A       1%          3
 Gell's Gravitas          Tloc           56%        N/A       1%          3
 Inner Flame              Hex/Fire       56%        N/A       1%          3
 Portal Projectile        Hex/Tloc       100%       N/A       1%          3
 Teleport Other           Tloc           56%        N/A       1%          3
 Vampiric Draining        Necr           56%        2d10      1%          3
 Vhi's Electric Charge    Tloc/Air       100%       N/A       1%          3
 Dispel Undead            Necr           56%        3d20      3%          4
 Leda's Liquefaction      Hex/Erth       28%        N/A       3%          4
 Passage of Golubria      Tloc           56%        N/A       3%          4
 Arcjolt                  Conj/Air       29%        1d39      5%          5
 Agony                    Necr           56%        N/A       9%          5
 Silence                  Hex/Air        28%        N/A       9%          5
 Summon Forest            Summ/Tloc      28%        N/A       9%          5
 Summon Mana Viper        Hex/Summ       56%        N/A       9%          5
 Yara's Violent Unravell  Hex/Tmut       28%        3d12      9%          5
 Death Channel            Necr           28%        N/A       41%         6
 Summon Cactus Giant      Summ           28%        N/A       41%         6
 Enfeeble                 Hex            28%        N/A       94%         7
 Storm Form               Tmut/Air       28%        N/A       94%         7
 Lehudib's Crystal Spear  Conj/Erth      29%        10d8      100%        8
 Maxwell's Capacitive Co  Air            28%        ∞         100%        8


Dungeon Overview and Level Annotations

Branches:
Dungeon (14/15)            Temple (1/1) D:5            Lair (0/5) D:8
    Orc (0/2) D:12         Vaults (0/5) D:13        Ossuary (visited)
 Bailey (visited)

Altars:
Ashenzari
Cheibriados
Fedhas
Hepliaklqana
Kikubaaqudgha
Makhleb
Nemelex Xobeh
Okawaru
Qazlal
Ru
Trog
Uskayaw
Xom
Yredelemnul

Shops:
D:9 ?

Portals:
Abyss: D:3

Annotations:
D:3 2 transporters, Sans23's ghost, amateur HuBe
D:14 1 transporter


Innate Abilities, Weirdness & Mutations

You have very sharp teeth.
Your uncanny sense of smell can sniff out nearby items.
Your experience applies equally to all skills.


Message History

* * * LOW HITPOINT WARNING * * *
The tengu warrior misses you.
The tengu warrior claws you but does no damage.
The wyvern bites you!
* * * LOW HITPOINT WARNING * * *
The basilisk gazes at you.
You are slowing down.
You fail to use your ability.
The wyvern closely misses you. The tengu warrior closely misses you.
You block the tengu warrior's attack. x2
The wyvern bites you!
* * * LOW HITPOINT WARNING * * *
The tengu warrior barely misses you. You block the tengu warrior's attack.
The tengu warrior claws you.
Your limbs are stiffening.
You step out of the flow of time.
You return to the normal time flow.
Cheibriados lowers the support of your attributes as your movement quickens.
The wyvern hisses angrily.
The basilisk hisses angrily.
The hell rat roars deafeningly!
You have turned to stone.
The basilisk gazes at you.
You easily resist.
The wyvern barely misses you.
The wyvern bites you but does no damage.
The wyvern bites you. x2
* * * LOW HITPOINT WARNING * * *
The wyvern bites you. The manticore bites you!
* * * LOW HITPOINT WARNING * * *
The manticore claws you but does no damage.
The manticore claws you!
* * * LOW HITPOINT WARNING * * *
The wyvern bites you!
* * * LOW HITPOINT WARNING * * *
The wyvern bites you.
* * * LOW HITPOINT WARNING * * *
The hell rat bites you but does no damage.
The manticore bites you.
* * * LOW HITPOINT WARNING * * *
The manticore claws you but does no damage.
The manticore barely misses you. The wyvern bites you!
You die...

#8.©.8# ###.
#.....# ....
∆#©....# ...
....##.. ....
.....# .# ...#
#...###.###
..#
##..†H......
..#
##...@l†)....
#.#
##..###rl.....
#.######..##
†......
#.#.....###
††.....
####...#####
.......
......##
k......
####.##
....... ## #.#
....... ...#.#


You could see a manticore, a basilisk, a rime drake (wandering), a wyvern and a
hell rat.

Vanquished Creatures
  Azrael (D:12)
  Josephine (D:12)
  4 hydras
  5 two-headed ogres
  2 boulder beetles
  2 centaur warriors (D:13)
  2 dancing weapons (D:13)
  2 tengu warriors
  Sonja (D:13)
  The ghost of BlueFish the Trooper, a novice DrCj of the Shining One (D:8)
  An orc knight (Bailey)
  A deep elf pyromancer (D:12)
  4 manticores
  3 ugly things
  3 cyclopes
  Joseph (D:10)
  2 unseen horrors
  2 gargoyles
  2 efreet (D:13)
  3 rime drakes (D:14)
  A komodo dragon (D:11)
  2 trolls
  Grinder (D:3)
  Prince Ribbit (D:6)
  4 slime creatures (D:12)
  2 vampires
  9 wraiths
  2 shadows
  16 yaks
  7 wyverns
  3 fire elementals (D:12)
  2 basilisks
  3 steam dragons
  Grum (D:10)
  12 vampire mosquitoes
  3 acid dragons
  4 hell hounds (D:12)
  Edmund (D:5)
  5 water moccasins
  10 orc warriors
  5 black bears
  2 sky beasts
  3 ogres
  2 wolves (D:10)
  2 phantoms
  10 centaurs
  4 kobold brigands
  4 bullfrogs
  2 gnoll sergeants
  5 scorpions
  3 wights (D:9)
  4 water moccasin zombies (Ossuary)
  2 howler monkeys (D:11)
  2 jellies
  3 orc priests
  A gnoll bouda (D:8)
  5 hounds
  Jessica (D:2)
  Ijyb (D:3)
  An iguana (D:5)
  2 sleepcaps
  9 orc wizards
  2 hell rats (D:14)
  A killer bee zombie (D:8)
  2 mummies (Ossuary)
  A howler monkey zombie (D:8)
  11 gnolls
  9 adders
  A shadow imp (D:8)
  A white imp (D:5)
  3 ufetubi
  6 adder zombies (Ossuary)
  2 dart slugs
  39 orcs
  8 ball pythons
  8 endoplasms
  4 giant cockroaches
  4 gnoll zombies (Ossuary)
  12 goblins
  8 hobgoblins
  5 jackals
  25 kobolds
  2 quokkas
  6 bats
  2 frilled lizards
  3 hobgoblin zombies (Ossuary)
  7 kobold zombies (Ossuary)
  4 orc zombies (Ossuary)
  6 rats
387 creatures vanquished.

Vanquished Creatures (collateral kills)
  A rime drake (D:14)
  3 wyverns (D:14)
  A hell hound (D:12)
5 creatures vanquished.

Grand Total: 392 creatures vanquished

Notes
Turn   | Place    | Note
-------+----------+-------------------------------------------
     0 | D:1      | frimble the Gnoll Reaver began the quest for the Orb.
     0 | D:1      | Reached XP level 1. HP: 20/20 MP: 6/6
   134 | D:1      | Reached XP level 2. HP: 26/26 MP: 7/7
   532 | D:1      | Reached skill level 5 in Spellcasting
   532 | D:1      | Reached XP level 3. HP: 31/31 MP: 7/9
   790 | D:2      | Reached skill level 1 in Invocations
  1201 | D:2      | Reached skill level 1 in Short Blades
  1201 | D:2      | Reached skill level 1 in Axes
  1201 | D:2      | Reached skill level 1 in Maces & Flails
  1201 | D:2      | Reached skill level 1 in Polearms
  1201 | D:2      | Reached skill level 1 in Staves
  1201 | D:2      | Reached skill level 1 in Ranged Weapons
  1201 | D:2      | Reached skill level 1 in Throwing
  1201 | D:2      | Reached skill level 1 in Armour
  1201 | D:2      | Reached skill level 1 in Stealth
  1201 | D:2      | Reached skill level 1 in Shields
  1201 | D:2      | Reached skill level 1 in Unarmed Combat
  1201 | D:2      | Reached skill level 1 in Evocations
  1309 | D:2      | Noticed Jessica
  1317 | D:2      | Killed Jessica
  1318 | D:2      | Reached skill level 1 in Hexes
  1318 | D:2      | Reached skill level 1 in Summonings
  1318 | D:2      | Reached skill level 1 in Necromancy
  1318 | D:2      | Reached skill level 1 in Translocations
  1318 | D:2      | Reached skill level 1 in Transmutations
  1318 | D:2      | Reached skill level 1 in Fire Magic
  1318 | D:2      | Reached skill level 1 in Ice Magic
  1318 | D:2      | Reached skill level 1 in Air Magic
  1318 | D:2      | Reached skill level 1 in Earth Magic
  1318 | D:2      | Reached skill level 1 in Poison Magic
  1318 | D:2      | Reached XP level 4. HP: 30/38 MP: 11/11
  1523 | D:3      | Noticed Grinder
  1602 | D:3      | Noticed Ijyb
  1611 | D:3      | Killed Ijyb
  1812 | D:4      | Noticed a scorpion
  1820 | D:4      | Killed a scorpion
  1821 | D:4      | Reached XP level 5. HP: 15/32 MP: 10/12
  2065 | D:4      | Reached XP level 6. HP: 29/45 MP: 14/14
  2168 | D:4      | Reached skill level 5 in Fighting
  2168 | D:4      | Reached skill level 5 in Dodging
  2717 | D:4      | Reached XP level 7. HP: 44/49 MP: 15/15
  2771 | D:4      | Found a stormy altar of Qazlal.
  3405 | D:3      | Killed Grinder
  3466 | D:3      | Found a one-way gate to the infinite horrors of the Abyss.
  3466 | D:3      | Noticed Sans23's ghost (amateur HuBe)
  3477 | D:3      | Found a transporter.
  3528 | D:3      | Found a transporter.
  3768 | D:3      | Identified a scroll of acquirement
  3768 | D:3      | Acquired 603 gold pieces
  3820 | D:5      | Entered Level 5 of the Dungeon
  3827 | D:5      | Noticed Edmund
  3845 | D:4      | Learned a level 3 spell: Frozen Ramparts
  3916 | D:6      | Noticed Prince Ribbit
  3929 | D:6      | Killed Prince Ribbit
  3930 | D:6      | Reached XP level 8. HP: 57/63 MP: 16/16
  3936 | D:6      | Found a sand-covered staircase.
  3940 | Ossuary  | Entered an ossuary
  4767 | D:6      | Found a sparkling altar of Nemelex Xobeh.
  4840 | D:6      | Reached XP level 9. HP: 66/69 MP: 18/18
  5651 | D:5      | Found a staircase to the Ecumenical Temple.
  5662 | Temple   | Entered the Ecumenical Temple
  5670 | Temple   | Became a worshipper of Cheibriados the Contemplative
  5719 | D:5      | Killed Edmund
  5867 | D:5      | Found an ancient bone altar of Kikubaaqudgha.
  6152 | D:5      | Reached skill level 5 in Invocations
  6350 | D:5      | Found a shimmering altar of Xom.
  6524 | D:5      | Reached * piety under Cheibriados
  6556 | D:5      | Found a sacrificial altar of Ru.
  7047 | D:7      | Found Nireibbodd's General Store.
  7604 | D:8      | Found a flagged portal.
  7620 | Bailey   | Entered a bailey
  7625 | Bailey   | Learned a level 3 spell: Hailstorm
  7925 | Bailey   | Reached ** piety under Cheibriados
  7926 | Bailey   | Reached skill level 5 in Short Blades
  7926 | Bailey   | Reached skill level 5 in Axes
  7926 | Bailey   | Reached skill level 5 in Maces & Flails
  7926 | Bailey   | Reached skill level 5 in Polearms
  7926 | Bailey   | Reached skill level 5 in Staves
  7926 | Bailey   | Reached skill level 5 in Ranged Weapons
  7926 | Bailey   | Reached skill level 5 in Throwing
  7926 | Bailey   | Reached skill level 5 in Armour
  7926 | Bailey   | Reached skill level 5 in Stealth
  7926 | Bailey   | Reached skill level 5 in Shields
  7926 | Bailey   | Reached skill level 5 in Unarmed Combat
  7926 | Bailey   | Reached skill level 5 in Evocations
  7926 | Bailey   | Reached XP level 10. HP: 33/77 MP: 20/20
  8084 | Bailey   | Identified the +4 bardiche "Feox" {spect, +Blink Int+2}
  8087 | Bailey   | Noticed an orc knight
  8097 | Bailey   | Killed an orc knight
  8114 | Bailey   | Acquired the +2 pair of gloves of Honour {rPois MP+9 Dex+4
                  | Stlth+}
  8275 | D:8      | Found a staircase to the Lair.
  8447 | D:8      | Found a runed translucent gate.
  8447 | D:8      | Found a runed translucent gate.
  8447 | D:8      | Found a runed translucent gate.
  8447 | D:8      | Noticed BlueFish's ghost (novice DrCj)
  8449 | D:8      | Found a basalt altar of Yredelemnul.
  8469 | D:8      | Killed BlueFish's ghost
  9220 | D:9      | Reached *** piety under Cheibriados
  9377 | D:9      | Found Ecyxiofu's Magic Scroll Emporium.
  9382 | D:9      | Bought a scroll of magic mapping for 97 gold pieces
  9382 | D:9      | Bought a scroll of blinking for 97 gold pieces
  9382 | D:9      | Bought a scroll of immolation for 52 gold pieces
  9422 | D:9      | Reached skill level 5 in Hexes
  9422 | D:9      | Reached skill level 5 in Summonings
  9422 | D:9      | Reached skill level 5 in Necromancy
  9422 | D:9      | Reached skill level 5 in Translocations
  9422 | D:9      | Reached skill level 5 in Transmutations
  9422 | D:9      | Reached skill level 5 in Fire Magic
  9422 | D:9      | Reached skill level 5 in Ice Magic
  9422 | D:9      | Reached skill level 5 in Air Magic
  9422 | D:9      | Reached skill level 5 in Earth Magic
  9422 | D:9      | Reached skill level 5 in Poison Magic
  9422 | D:9      | Reached XP level 11. HP: 85/85 MP: 22/22
  9607 | D:9      | Reached **** piety under Cheibriados
  9675 | D:9      | Noticed a two-headed ogre
  9683 | D:9      | Killed a two-headed ogre
  9688 | D:9      | Got the Tractate on Skeletons
  9897 | D:10     | Entered Level 10 of the Dungeon
  9900 | D:10     | Noticed a red ugly thing
  9954 | D:10     | Noticed Joseph
  9954 | D:10     | Noticed a two-headed ogre
  9963 | D:10     | Killed a two-headed ogre
 10027 | D:10     | Killed Joseph
 10244 | D:10     | Killed a red ugly thing
 10261 | D:10     | Noticed Grum
 10276 | D:10     | Killed Grum
 10280 | D:10     | Reached ***** piety under Cheibriados
 10553 | D:10     | Found a burning altar of Makhleb.
 10734 | D:11     | Noticed a manticore
 11272 | D:11     | Reached XP level 12. HP: 89/94 MP: 24/24
 11790 | D:11     | Found a hide-covered altar of Uskayaw.
 11929 | D:12     | Noticed Azrael
 11976 | D:12     | Noticed Josephine
 12079 | D:12     | Learned a level 4 spell: Summon Lightning Spire
 12134 | D:12     | Killed Josephine
 12135 | D:12     | Reached skill level 10 in Long Blades
 12380 | D:12     | Noticed a two-headed ogre
 12425 | D:12     | Noticed a two-headed ogre
 12432 | D:12     | Noticed a boulder beetle
 12449 | D:12     | Killed a two-headed ogre
 12450 | D:12     | Killed a two-headed ogre
 12477 | D:12     | Killed a boulder beetle
 12728 | D:12     | Reached skill level 10 in Shields
 12764 | D:12     | Killed Azrael
 12765 | D:12     | Reached XP level 13. HP: 46/101 MP: 26/26
 12945 | D:12     | Found a staircase to the Orcish Mines.
 13275 | D:13     | Noticed Sonja
 13277 | D:13     | Killed Sonja
 13407 | D:13     | Found a gate to the Vaults.
 13419 | D:13     | Reached skill level 10 in Spellcasting
 13908 | D:14     | Found a transporter.
 13925 | D:14     | Reached skill level 10 in Fighting
 13925 | D:14     | Reached skill level 10 in Dodging
 13931 | D:14     | Reached ****** piety under Cheibriados
 13938 | D:14     | HP: 3/103 [wyvern (5)]
 13939 | D:14     | HP: 1/103 [manticore (2)]
 13939 | D:14     | Slain by a wyvern

Illustrated notes

Levels and vault maps discovered:
D:1:      minmay_arrival_open_corners, layout_loops_ring
D:2:      layout_loops_cross, grunt_ministairs_4, grunt_decor_arrowhead,
          hangedman_decor_opposing, uniq_jessica
D:3:      layout_basic, gammafunk_ghost_abyssal_escape, uniq_grinder, uniq_ijyb
D:4:      cheibrodos_thug_alley, layout_basic, nicolae_qazlal_scattered_showers,
          kennysheep_generic_room_2
D:5:      layout_loops_ring, kennysheep_mini_moat, mainiacjoe_overflow_alcove_4,
          amcnicky_altar_gilded, minmay_temple_entry_wispy, uniq_edmund
D:6:      layout_gridville, nemelex_spade_bored_becter, enter_ossuary_5,
          kennysheep_generic_room_9, uniq_prince_ribbit1
D:7:      layout_basic, serial_shops, shop
D:8:      layout_gridville, nicolae_yredelemnul_ghost_church,
          due_lair_maze_entry_diamond, enter_bailey_5
D:9:      layout_loops_ring, serial_shops, kennysheep_little_box,
          statue_in_the_mist_lemuel
D:10:     layout_big_octagon, mainiacjoe_overflow_alcove_1, uniq_joseph,
          uniq_grum
D:11:     layout_basic, serial_co_window_serial, co_window_paths_b,
          co_window_paths_b, co_window_paths_a, co_window_paths_a,
          co_window_paths_a, co_window_corner_a, co_window_corner_a,
          co_window_corner_a, co_window_corner_a, co_window_broadway_c,
          co_window_broadway_b, co_window_of_opportunity_b,
          co_window_of_opportunity_c, co_window_4corner_a, co_window_4corner_b,
          glass_columns_a, glass_columns_b, glass_columns_a, glass_columns_b,
          glass_columns_b, nicolae_uskayaw_suspiria
D:12:     layout_roguey, orc_0_dummy, minmay_puff, uniq_josephine, uniq_azrael
D:13:     layout_loops_cross, erik_vaults_1, uniq_sonja
D:14:     layout_roguey [special_room_mythical_zoo],
          maelrawn_ghost_gauntlet_escape, chequers_jeans,
          nicolae_diode_quadrants
Temple:   nicolae_temple_bog_church

Skill      XL: |  1  2  3  4  5  6  7  8  9 10 11 12 13 |
---------------+----------------------------------------+-----
Spellcasting   | 5 6 7 8 9 10 | 10.4
Invocations    | 1 2 3 4 5 6 7 8 9 |  9.9
Short Blades   | 1 2 3 5 6 7 8 9 |  9.0
Axes           | 1 2 3 5 6 7 8 9 |  9.0
Maces & Flails | 1 2 3 5 6 7 8 9 |  9.0
Polearms       | 1 2 3 5 6 7 8 9 |  9.0
Staves         | 1 2 3 5 6 7 8 9 |  9.0
Ranged Weapons | 1 2 3 5 6 7 8 9 |  9.0
Throwing       | 1 2 3 5 6 7 8 9 |  9.0
Armour         | 1 2 3 5 6 7 8 9 |  9.0
Stealth        | 1 2 3 5 6 7 8 9 |  9.0
Shields        | 1 2 3 5 6 8 10 11 | 11.5
Unarmed Combat | 1 2 3 5 6 7 8 9 |  9.0
Evocations     | 1 2 3 5 6 7 8 9 |  9.0
Hexes          | 1 2 3 4 5 6 7 |  7.5
Summonings     | 1 2 3 4 5 6 7 |  7.5
Necromancy     | 1 2 3 4 5 6 7 |  7.5
Translocations | 1 2 3 4 5 6 7 |  7.5
Transmutations | 1 2 3 4 5 6 7 |  7.5
Fire Magic     | 1 2 3 4 5 6 7 |  7.5
Ice Magic      | 1 2 3 4 5 6 7 |  7.5
Air Magic      | 1 2 3 4 5 6 7 |  7.5
Earth Magic    | 1 2 3 4 5 6 7 |  7.5
Poison Magic   | 1 2 3 4 5 6 7 |  7.5
Fighting       | 5 6 7 8 9 10 | 10.2
Dodging        | 5 6 7 8 9 10 | 10.2
Long Blades    | 7 8 9 10 11 | 11.1
Conjurations   | 6 7 8 9 |  9.4

Action                     |  1- 3 |  4- 6 |  7- 9 | 10-12 | 13-15 || total
---------------------------+-------+-------+-------+-------+-------++-------
  Melee: Falchion          |   138 |   209 |   458 |       |       ||   805
         Bite              |     8 |    25 |    62 |    24 |    19 ||   138
         Punch             |       |       |    19 |     1 |       ||    20
         Long sword        |       |       |    57 |     2 |       ||    59
         Bardiche          |       |       |       |   267 |     1 ||   268
         Scimitar          |       |       |       |       |   118 ||   118
   Fire: Sling             |       |       |    21 |       |       ||    21
  Throw: Dart              |       |     6 |    38 |    24 |       ||    68
   Cast: Kiss of Death     |       |     4 |       |       |       ||     4
         Frozen Ramparts   |       |       |    11 |     2 |     2 ||    15
         Summon Lightning  |       |       |       |     3 |     2 ||     5
         Hailstorm         |       |       |       |       |     2 ||     2
 Invoke: Slouch            |       |       |       |     2 |       ||     2
         Step From Time    |       |       |       |       |     1 ||     1
  Evoke: Wand              |       |     1 |     5 |     1 |     2 ||     9
    Use: Scroll            |     1 |     7 |    16 |     7 |     2 ||    33
         Potion            |       |       |       |     2 |       ||     2
   Stab: Sleeping          |       |       |     8 |    12 |     6 ||    26
         Distracted        |       |       |       |     5 |     2 ||     7
         Invisible         |       |       |       |     1 |       ||     1
 Armour: Leather armour    |    10 |       |       |       |       ||    10
         Ring mail         |    59 |   116 |   249 |   134 |       ||   558
         Skin              |       |       |       |     7 |       ||     7
         Troll leather arm |       |       |       |    12 |    78 ||    90
  Dodge: Dodged            |   106 |   125 |   351 |   236 |   234 ||  1052
  Block: Kite shield       |       |       |       |       |   140 ||   140
         Buckler           |       |       |       |       |    34 ||    34

Table legend: (Time is in decaauts)
 A = Elapsed time spent in this place.
 B = Non-inter-level travel time spent in this place.
 C = Inter-level travel time spent in this place.
 D = Time resting spent in this place.
 E = Time spent auto-exploring this place.
 F = Levels seen in this place.
 G = Mean time per level.
                   A        B        C        D        E       F      G
               +--------+--------+--------+--------+--------+-----+--------+
         Total |  17618 |  16498 |   1120 |    144 |  12846 |  17 | 1036.4 |
       Dungeon |  16615 |  15513 |   1102 |      5 |  12477 |  14 | 1186.8 |
        Temple |     18 |      1 |     17 |      0 |      0 |   1 |   18.0 |
       Ossuary |    403 |    403 |      0 |      0 |    178 |   1 |  403.0 |
        Bailey |    580 |    580 |      0 |    139 |    191 |   1 |  580.0 |
               +--------+--------+--------+--------+--------+-----+--------+

Top non-repeatable levels by time:
    D:11: 2335 daAuts
     D:8: 1740 daAuts
    D:12: 1612 daAuts
     D:4: 1438 daAuts
     D:6: 1320 daAuts
     D:5: 1317 daAuts
    D:13: 1311 daAuts
     D:9: 1229 daAuts
     D:3: 969 daAuts
    D:10: 920 daAuts
     D:7: 824 daAuts
     D:2: 793 daAuts
     D:1: 688 daAuts
  Bailey: 580 daAuts
 Ossuary: 403 daAuts
